Workbook

Sheet Solicitud cotizaciones
A1: ANEXO 1
A3: Apreciados Señores: De manera atenta la Fiscalía General de la Nación Nivel Central, requiere cotizar con ustedes lo siguiente:
A5: ITEM | B5: SOLICITUD COTIZACIÓN
A6: 1 | B6: ADVERTENCIA | C6: La cotización solicitada servirá de base para REVALIDAR los precios indicativos del mercado; para compra y por tanto NO CONSTITUYE en sí misma una oferta y consecuentemente NO OBLIGA a las partes.
A7: 2 | B7: OBJETO | C7: OBJETO DEL CONTRATO
A8: 3 | B8: VALIDEZ DE LA COTIZACIÓN | C8: La validez de oferta debe ser mínima de NOVENTA (90) DIAS, especificando si los días de la validez son hábiles o calendario.
A9: 4 | B9: ESPECIFICACIONES TÉCNICAS | C9: VER ARCHIVO ADJUNTO (EN WORD SE ENVIA LA FICHA TECNICA)
A14: 5 | B14: CONDICIONES DE LA COTRATACIÓN | C14: PLAZO DE EJECUCIÓN
C15: FORMA DE PAGO | D15: La Fiscalía General de la Nación cancelará el valor del contrato, mediante pagos parciales por la ejecución de objeto del contrato, dentro de los treinta (30) días calendarios siguientes a la fecha en que el contratista radique la factura comercial, acompañada de la certificación donde conste el cumplimiento del contrato expedida por el supervisor del contrato y de la certificación que acredite el pago por parte del contratista de las obligaciones al sistema general de seguridad social (salud, pensiones y riesgos profesionales) y aportes parafiscales (cajas de compensación familiar, SENA e ICBF).
C16: MECANISMOS DE COBERTURA DE LOS RIESGOS | D16: AMPAROS
A19: 6 | B19: VALOR OFRECIDO | C19: DESCRIPCION DEL OBJETO DEL CONTRATO | E19: VALOR UNITARIO | F19: IVA DE VLR UNI. | G19: VALOR UNI. + IVA
A20: 7 | B20: PLAZO PARA PRESENTAR LA COTIZACIÓN | C20: TRES (3) DIAS HABILES.
A21: NOTA:
A22: Agradecemos su gentil colaboración y estaremos atentos a responder cualquier inquietud al respecto, quedamos atentos al envío de su propuesta por este mismo medio dentro del plazo establecido para su presentación.
A24: Cordial saludo,
A26: NOMBRE
A27: GRUPO DE ANALISIS DEL SECTOR ECONOMICO Y DE OFERENTES
A28: TELEFONO

Sheet GENERAL
A1: No. Estudio | B1: DIA Y MES | C1: valor estudios previos | D1: Dependencia solicitante | E1: Destino | F1: Plazo de Ejecución | G1: No. COTIZACIONES | H1: No. COTIZACIONES LETRAS | I1: EMPRESA 1 | J1: EMPRESA 2 | K1: EMPRESA 3 | L1: EMPRESA 4 | M1: NUMERO DE EMPRESAS SECOP | N1: OBJETO DEL CONTRATO | O1: PROCESO HISTORICO ANALIZADO | P1: OBJETO | Q1: IPC INICIAL | R1: IPC FINAL | S1: OFERTAS DEL HISTORICO | T1: CONTRATISTA HISTORICO | U1: VALOR DEL CONTRATO | V1: TERMINO DE EJECUCION | W1: LINK | X1: MODALIAD DE CONTRATACION | Y1: FECHA DE SUSCRIPCION DEL CONTRATO | Z1: FECHA DE INICIO DEL CONTRATO | AA1: OFERTAS DEL HISTORICO | AB1: V/R ESTUDIO | AC1: BIEN O SERVICIO | AD1: FORMULA UTILIZADA | AF1: CODIGOS CUPS UTILIZADOS | AG1: DESCRIPCION SEGMENTO | AH1: # EMPRESAS POTENCIALES | AI1: # DE EMPRESAS INTERESADAS
A2: 200 | B2: 44764 | C2: =+AB2 -> #REF! | D2: Jefe Departamento de Seguridad y el Director Protección y Asistencia de la Fiscalía General de la Nación | E2: El contrato se ejecutará en los lugares relacionados en las “FICHA TÉCNICA DE BIENES Y SERVICIOS DE CARACTERÍSTICAS TÉCNICAS UNIFORMES Y DE COMÚN UTILIZACIÓN”, de cada una de las Regionales, anexas al presente proceso contractual. | F2: desde el 01 de diciembre de 2020 hasta el 31 de julio de 2022 | I2: COLVISEG | J2: SEGURIDAD HORUS LTDA | K2: COSEQUIN LTDA | N2: PRESTAR LOS SERVICIOS DE VIGILANCIA Y SEGURIDAD PRIVADA FIJA Y MOVIL, CON MEDIOS TECNOLÓGICOS Y PERSONAL UNIFORMADO CON Y SIN ARMAS, PARA LA ADECUADA PROTECCIÓN, CUSTODIA, AMPARO Y SALVAGUARDA DE LAS PERSONAS QUE LABORAN E INGRESAN A LAS INSTALACIONES, Y LOS BIENES MUEBLES E INMUEBLES DEL NIVEL CENTRAL | O2: PROCESO FGN-IPSE-040-2018 NC | P2: PRESTAR LOS SERVICIOS DE VIGILANCIA Y SEGURIDAD PRIVADA FIJA Y MOVIL, CON MEDIOS TECNOLÓGICOS Y PERSONAL UNIFORMADO CON Y SIN ARMAS, PARA LA ADECUADA PROTECCIÓN, CUSTODIA, AMPARO Y SALVAGUARDA DE LAS PERSONAS QUE LABORAN E INGRESAN A LAS INSTALACIONES, Y LOS BIENES MUEBLES E INMUEBLES DE LAS DIFERENTES REGIONALES QUE CONFORMAN LA FISCALIA GENERAL DE LA NACIÓN- GRUPO 9: NIVEL CENTRAL | Q2: 99.7 | R2: 105.36 | T2: SU OPORTUNO SERVICIO LTDA. | U2: 29,379,751,963 | V2: 60 DIAS | W2: https://www.contratos.gov.co/consultas/detalleProceso.do?numConstancia=18-9-449535 | X2: SUBASTA INVERSA | Y2: =+O3 -> 01 de diciembre de 2020 | Z2: 01 DE DICIEMBRE DE 2018 | AB2: =#REF! -> #REF! | AC2: BIENES | AD2: PARA CALCULAR EL VALOR QUE CORRESPONDE AL FACTOR HUMANO SE EMPLEARON LOS VALORES ESTABLECIDOS POR LA SUPERINTENDENCIA DE VIGILANCIA Y SEGURIDAD PARA EL AÑO 2020 SEGÚN CIRCULAR EXTERNA Nº 20201300000015 Y PARA EL FACTOR TECNOLOGICO SE EMPLEARON LOS VALORES DE REFERENCIA. | AE2: IVA INCLUIDO Y TODOS LOS COSTOS DIRECTOS E INDIRECTOS
O3: 01 de diciembre de 2020

Sheet Anexo 1
B1: ANEXO 1
B4: LISTADO DE POSIBLES PROVEEDORES
B5: No. | C5: Nombre Empresa | D5: Telefono Fijo y/o celular | E5: Correo electronico
B6: 1 | C6: =+GENERAL!K2 -> COSEQUIN LTDA | D6: 4343584 | E6: auxiliarcomercial.cosequin@gmail.com
B7: 2 | C7: =+GENERAL!J2 -> SEGURIDAD HORUS LTDA | D7: 6311500 | E7: comercial2@horusseguridad.com
B8: 3 | C8: =+GENERAL!I2 -> COLVISEG | D8: 5189191 | E8: dircomercial@colviseg.com

Sheet Anexo 2
A1: ANEXO 2
A3: EXPERIENCIA EN CONTRATACIÓN EN LOS ÚLTIMOS AÑOS
A5: Con el fin de conocer la experiencia con la que cuentan las empresas del sector relacionadas con el objeto del presente estudio de mercado, agradecemos diligenciar el cuadro relacionado a continuación con base en los contratos suscritos en los ultimos 5 años
A6: EMPRESA | B6: OBJETO DEL CONTRATO | C6: FECHA DE SUSCRIPCIÓN | D6: % DE PARTICIPACIÓN | E6: VALOR TOTAL EJECUTADO DEL CONTRATO DE ACUERDO AL % DE PARTICIPACIÓN
A7: =+GENERAL!K2 -> COSEQUIN LTDA
A8: NO SE EVIDENCIAN PROCESOS DE CONTRATACION PUBLICA ADELANTADOS POR ESTE OFERENTE
A9: =+GENERAL!J2 -> SEGURIDAD HORUS LTDA
A10: NO SE EVIDENCIAN PROCESOS DE CONTRATACION PUBLICA ADELANTADOS POR ESTE OFERENTE
A11: =+'Anexo 1'!C8 -> COLVISEG
A12: NO SE EVIDENCIAN PROCESOS DE CONTRATACION PUBLICA ADELANTADOS POR ESTE OFERENTE

Sheet Presupuesto 2026 (1-31 dic)
A1: FACTOR HUMANO - VIGENCIA 2026 (1 MES)
A3: SUBDIRECCIÓN REGIONAL DE APOYO DEL PACÍFICO | B3: PRESTAR LOS SERVICIOS DE VIGILANCIA Y SEGURIDAD PRIVADA, FIJA Y MÓVIL, MEDIANTE EL USO DE MEDIOS TECNOLÓGICOS Y PERSONAL UNIFORMADO, CON Y SIN ARMAS, CON EL FIN DE GARANTIZAR LA PROTECCIÓN, CUSTODIA, AMPARO Y SALVAGUARDA DE LAS PERSONAS QUE LABORAN E INGRESAN A LAS INSTALACIONES, AL IGUAL QUE DE LOS BIENES MUEBLES E INMUEBLES DE LA FISCALÍA GENERAL DE LA NACIÓN Y DEL FONDO ESPECIAL PARA LA ADMINISTRACIÓN DE BIENES (FEAB), EN LA REGIONAL PACIFICO, CONFORMADA POR: I) CAUCA, II) NARIÑO Y III) CALI – VALLE DEL CAUCA.
A4: VARIABLES ESTABLECIDAS POR LA SUPERINTENDENCIA DE VIGILANCIA Y SEGURIDAD PARA EL AÑO 2026 SEGÚN CIRCULAR EXTERNA Nº 202513000001105CS DEL 30 DE DICIEMBRE DE 2025
A5: SALARIO MINIMO 2026 | D5: 1750905
A6: TARIFA MINIMA SECTOR PUBLICO | D6: 10.21
A7: VALOR TARIFA MINIMA SECTOR PUBLICO | D7: =ROUND(D5*D6,0) -> 17876740
A8: VALOR PRIMA SEGURO DE VIDA | D8: 1500
A9: VALOR TARIFA MÍNIMA MAS PRIMA SEGURO DE VIDA | D9: =D7+D8 -> 17878240
A11: MODALIDAD DE MEDIO, TARIFA, PORCENTAJE ADMINISTRACION Y SUPERVISION.
A12: MODALIDAD MEDIO | B12: TARIFA | C12: PORCENTAJE A Y S | D12: VALOR A Y S | E12: TARIFA + A Y S
A13: 24 HORAS 30 DIAS AL MES MEDIO HUMANO SIN ARMA | B13: =D9 -> 17878240 | C13: 0.08 | D13: =ROUND(B13*C13,2) -> 1430259.2 | E13: =ROUND(B13+D13,0) -> 19308499
A14: 24 HORAS 30 DIAS AL MES MEDIO HUMANO CON ARMA | B14: =D9 -> 17878240 | C14: 0.1 | D14: =ROUND(B14*C14,2) -> 1787824 | E14: =ROUND(B14+D14,0) -> 19666064
A17: DIAS A TENER EN CUENTA PARA EL COBRO DE LAS TARIFAS MINIMAS EN LA PRESTACION DE LOS SERVICIOS DE VIGILANCIA Y SEGURIDAD PRIVADA PARA 2026
A18: LUNES A VIERNES SIN FESTIVOS | D18: 20
A19: LUNES A VIERNES CON FESTIVOS | D19: 22
A20: LUNES A SABADO SIN FESTIVOS | D20: 24
A21: LUNES A SABADO CON FESTIVOS | D21: 26
A22: FESTIVOS | D22: 2
A23: SABADOS Y DOMINGOS | D23: 8
A24: SABADOS, DOMINGOS Y FESTIVOS | D24: 10
A27: VARIABLE DE PROPORCIONALIDAD SOBRE EL VALOR DEL SERVICIO ESTABLECIDO PARA UN SERVICIO DE VEINTICUATRO (24) HORAS Y TREINTA (30) DÍAS AL MES Y EN LOS TÉRMINOS DE LA JORNADA LABORAL VIGENTE.
A28: JORNADA LABORAL | C28: VARIABLE DE PROPORCIONALIDAD
A29: 6:00:00 a. m. a 7:00 p.m. (Turno de 13 horas Diurnas) | C29: 0.4759
A31: 7:00 a 6:00 a.m. (Turno de 11 horas Nocturnas) | C31: 0.5241
A33: Tomar el valor resultante de la aplicación de la variable de proporcionalidad anteriormente establecida, dividirlo por treinta (30) días y multiplicarlo por el número de días en que se prestará el servicio, luego dividirlo por la jornada laboral y el resultado multiplicarlo por las horas requeridas del servicio. Lo anterior, corresponde a la aplicación de la siguiente fórmula matemática: (SMLMV x TARIFA DE SERVICIOS) x VARIABLE PROPORCIONALIDAD) /30) x DÍAS QUE SE REQUIERE EL SERVICIO) /JORNADA LABORAL) x HORAS REQUERIDAS DEL SERVICIO.
A37: NECESIDAD FGN ( VALORES UNITARIOS MES): servicios (puestos) de viglancia que se requieren desde el 1 al 31 de diciembre de 2026 | K37: VALIDACION TOTAL DE CIFRAS
A38: MODALIDAD /MEDIO | B38: JORNADA LABORAL | C38: DIAS AL MES SEGÚN CIRCULAR DE SUPERVIGILANCIA | D38: VALOR MES | E38: % ADMINISTRACION Y SUPERVISION | G38: VALOR MES ADMINISTRACION Y SUPERVISION | H38: VALOR MES INCLUIDO ADMINISTRACION Y SUPERVISION | I38: IVA | J38: VALOR MES INCLUIDO AYS E IVA | K38: CONSOLIDADO PUESTOS | L38: VALOR 2026 1 MES
A39: 24 HRS CON ARMA | B39: DOMINGO A DOMINGO | C39: 30 | D39: =+B13 -> 17878240 | E39: 0.1 | G39: =ROUND(D39*E39,0) -> 1787824 | H39: =ROUND(D39+G39,0) -> 19666064 | I39: =ROUND(H39*10%*19%,0) -> 373655 | J39: =ROUND(H39+I39,0) -> 20039719 | K39: 60 | L39: =ROUND(K39*J39,0)*1 -> 1202383140
A40: 24 HRS SIN ARMA | B40: DOMINGO A DOMINGO | C40: 30 | D40: =+B13 -> 17878240 | E40: 0.08 | G40: =ROUND(D40*E40,0) -> 1430259 | H40: =ROUND(D40+G40,0) -> 19308499 | I40: =ROUND(H40*10%*19%,0) -> 366861 | J40: =ROUND(H40+I40,0) -> 19675360 | K40: 2 | L40: =ROUND(K40*J40,0)*1 -> 39350720
A41: 12 HRS DIURNO CON ARMA | B41: LUNES A VIERNES SIN FESTIVOS | C41: 20 | D41: =ROUND($D$9*$C$29/30*C41/13*12,0) -> 5235849 | E41: 0.1 | G41: =ROUND(D41*E41,0) -> 523585 | H41: =ROUND(D41+G41,0) -> 5759434 | I41: =ROUND(H41*10%*19%,0) -> 109429 | J41: =ROUND(H41+I41,0) -> 5868863 | K41: 58 | L41: =ROUND(K41*J41,0)*1 -> 340394054
A42: 12 HRS DIURNO SIN ARMA | B42: LUNES A VIERNES SIN FESTIVOS | C42: 20 | D42: =ROUND($D$9*$C$29/30*C42/13*12,0) -> 5235849 | E42: 0.08 | G42: =ROUND(D42*E42,0) -> 418868 | H42: =ROUND(D42+G42,0) -> 5654717 | I42: =ROUND(H42*10%*19%,0) -> 107440 | J42: =ROUND(H42+I42,0) -> 5762157 | K42: 24 | L42: =ROUND(K42*J42,0)*1 -> 138291768
K43: =SUM(K39:K42) -> 144 | L43: =ROUND(SUM(L39:L42),0) -> 1720419682
A45: NECESIDAD FEAB ( VALORES UNITARIOS MES): servicios de Viglancia que se requieren desde el 1 al 31 de diciembre de 2026 | K45: VALIDACION TOTAL DE CIFRAS
A46: MODALIDAD /MEDIO | B46: JORNADA LABORAL | C46: DIAS AL MES SEGÚN CIRCULAR DE SUPERVIGILANCIA | D46: VALOR MES | E46: % ADMINISTRACION Y SUPERVISION | G46: VALOR MES ADMINISTRACION Y SUPERVISION | H46: VALOR MES INCLUIDO ADMINISTRACION Y SUPERVISION | I46: IVA | J46: VALOR MES INCLUIDO AYS E IVA | K46: CONSOLIDADO PUESTOS | L46: VALOR 2026 1 MES
A47: 24 HRS CON ARMA | B47: DOMINGO A DOMINGO | C47: 30 | D47: =+D9 -> 17878240 | E47: 0.1 | G47: =ROUND(D47*E47,0) -> 1787824 | H47: =ROUND(D47+G47,0) -> 19666064 | I47: =ROUND(H47*10%*19%,0) -> 373655 | J47: =ROUND(H47+I47,0) -> 20039719 | K47: 8 | L47: =ROUND(K47*J47,0)*1 -> 160317752
K48: =SUM(K47:K47) -> 8 | L48: =ROUND(SUM(L47:L47),0) -> 160317752

Sheet Presupuesto 2027 (12 meses)
A1: FACTOR HUMANO - VIGENCIA 2027 (12 MESES)
A3: SUBDIRECCIÓN REGIONAL DE APOYO DEL PACÍFICO | B3: PRESTAR LOS SERVICIOS DE VIGILANCIA Y SEGURIDAD PRIVADA, FIJA Y MÓVIL, MEDIANTE EL USO DE MEDIOS TECNOLÓGICOS Y PERSONAL UNIFORMADO, CON Y SIN ARMAS, CON EL FIN DE GARANTIZAR LA PROTECCIÓN, CUSTODIA, AMPARO Y SALVAGUARDA DE LAS PERSONAS QUE LABORAN E INGRESAN A LAS INSTALACIONES, AL IGUAL QUE DE LOS BIENES MUEBLES E INMUEBLES DE LA FISCALÍA GENERAL DE LA NACIÓN Y DEL FONDO ESPECIAL PARA LA ADMINISTRACIÓN DE BIENES (FEAB), EN LA REGIONAL PACIFICO, CONFORMADA POR: I) CAUCA, II) NARIÑO Y III) CALI – VALLE DEL CAUCA.
A4: VARIABLES ESTABLECIDAS POR LA SUPERINTENDENCIA DE VIGILANCIA Y SEGURIDAD PARA EL AÑO 2026 SEGÚN CIRCULAR EXTERNA Nº 202513000001105CS DEL 30 DE DICIEMBRE DE 2025
A5: SALARIO MINIMO 2027 Para la estimación del SMMLV 2027, se proyectó un aumento del IPC en 4,4%. Esto con fundamento a la Circular Interna de la FGN No. 30000-00023 DE 2026. Entonces para el 2027 se tiene una estimación del SMMLV de $1.827.945 COP | D5: =ROUND((1750905*(1+4.4%)),0) -> 1827945
A6: TARIFA MINIMA SECTOR PUBLICO | D6: 10.21
A7: VALOR TARIFA MINIMA SECTOR PUBLICO | D7: =ROUND(D5*D6,0) -> 18663318
A8: VALOR PRIMA SEGURO DE VIDA | D8: 1500
A9: VALOR TARIFA MÍNIMA MAS PRIMA SEGURO DE VIDA | D9: =D7+D8 -> 18664818
A11: MODALIDAD DE MEDIO, TARIFA, PORCENTAJE ADMINISTRACION Y SUPERVISION.
A12: MODALIDAD MEDIO | B12: TARIFA | C12: PORCENTAJE A Y S | D12: VALOR A Y S | E12: TARIFA + A Y S
A13: 24 HORAS 30 DIAS AL MES MEDIO HUMANO SIN ARMA | B13: =D9 -> 18664818 | C13: 0.08 | D13: =ROUND(B13*C13,2) -> 1493185.4 | E13: =ROUND(B13+D13,0) -> 20158003
A14: 24 HORAS 30 DIAS AL MES MEDIO HUMANO CON ARMA | B14: =D9 -> 18664818 | C14: 0.1 | D14: =ROUND(B14*C14,2) -> 1866481.8 | E14: =ROUND(B14+D14,0) -> 20531300
A17: DIAS A TENER EN CUENTA PARA EL COBRO DE LAS TARIFAS MINIMAS EN LA PRESTACION DE LOS SERVICIOS DE VIGILANCIA Y SEGURIDAD PRIVADA PARA 2026
A18: LUNES A VIERNES SIN FESTIVOS | D18: 20
A19: LUNES A VIERNES CON FESTIVOS | D19: 22
A20: LUNES A SABADO SIN FESTIVOS | D20: 24
A21: LUNES A SABADO CON FESTIVOS | D21: 26
A22: FESTIVOS | D22: 2
A23: SABADOS Y DOMINGOS | D23: 8
A24: SABADOS, DOMINGOS Y FESTIVOS | D24: 10
A27: VARIABLE DE PROPORCIONALIDAD SOBRE EL VALOR DEL SERVICIO ESTABLECIDO PARA UN SERVICIO DE VEINTICUATRO (24) HORAS Y TREINTA (30) DÍAS AL MES Y EN LOS TÉRMINOS DE LA JORNADA LABORAL VIGENTE.
A28: JORNADA LABORAL | C28: VARIABLE DE PROPORCIONALIDAD
A29: 6:00:00 a. m. a 7:00 p.m. (Turno de 13 horas Diurnas) | C29: 0.4759
A31: 7:00 a 6:00 a.m. (Turno de 11 horas Nocturnas) | C31: 0.5241
A33: Tomar el valor resultante de la aplicación de la variable de proporcionalidad anteriormente establecida, dividirlo por treinta (30) días y multiplicarlo por el número de días en que se prestará el servicio, luego dividirlo por la jornada laboral y el resultado multiplicarlo por las horas requeridas del servicio. Lo anterior, corresponde a la aplicación de la siguiente fórmula matemática: (SMLMV x TARIFA DE SERVICIOS) x VARIABLE PROPORCIONALIDAD) /30) x DÍAS QUE SE REQUIERE EL SERVICIO) /JORNADA LABORAL) x HORAS REQUERIDAS DEL SERVICIO.
A37: NECESIDAD FGN ( VALORES UNITARIOS MES) | K37: Subtotal Cifras para 1 mes de 2027 | M37: TOTAL CIFRAS PARA 12 MESES DE 2027
A38: MODALIDAD /MEDIO | B38: JORNADA LABORAL | C38: DIAS AL MES SEGÚN CIRCULAR DE SUPERVIGILANCIA | D38: VALOR MES | E38: % ADMINISTRACION Y SUPERVISION | G38: VALOR MES ADMINISTRACION Y SUPERVISION | H38: VALOR MES INCLUIDO ADMINISTRACION Y SUPERVISION | I38: IVA | J38: VALOR MES INCLUIDO AYS E IVA | K38: PUESTOS 1 MES | L38: VALOR 2027 1 MES | M38: CONSOLIDADO PUESTOS 2027 (12 Meses) | N38: VALOR 2027 (12 Meses)
A39: 24 HRS CON ARMA | B39: DOMINGO A DOMINGO | C39: 30 | D39: =+B13 -> 18664818 | E39: 0.1 | G39: =ROUND(D39*E39,0) -> 1866482 | H39: =ROUND(D39+G39,0) -> 20531300 | I39: =ROUND(H39*10%*19%,0) -> 390095 | J39: =ROUND(H39+I39,0) -> 20921395 | K39: 60 | L39: =ROUND(K39*J39,0)*1 -> 1255283700 | M39: =K39*12 -> 720 | N39: =ROUND((L39*12),0) -> 15063404400
A40: 24 HRS SIN ARMA | B40: DOMINGO A DOMINGO | C40: 30 | D40: =+B13 -> 18664818 | E40: 0.08 | G40: =ROUND(D40*E40,0) -> 1493185 | H40: =ROUND(D40+G40,0) -> 20158003 | I40: =ROUND(H40*10%*19%,0) -> 383002 | J40: =ROUND(H40+I40,0) -> 20541005 | K40: 2 | L40: =ROUND(K40*J40,0)*1 -> 41082010 | M40: =K40*12 -> 24 | N40: =ROUND((L40*12),0) -> 492984120
A41: 12 HRS DIURNO CON ARMA | B41: LUNES A VIERNES SIN FESTIVOS | C41: 20 | D41: =ROUND($D$9*$C$29/30*C41/13*12,0) -> 5466207 | E41: 0.1 | G41: =ROUND(D41*E41,0) -> 546621 | H41: =ROUND(D41+G41,0) -> 6012828 | I41: =ROUND(H41*10%*19%,0) -> 114244 | J41: =ROUND(H41+I41,0) -> 6127072 | K41: 58 | L41: =ROUND(K41*J41,0)*1 -> 355370176 | M41: =K41*12 -> 696 | N41: =ROUND((L41*12),0) -> 4264442112
A42: 12 HRS DIURNO SIN ARMA | B42: LUNES A VIERNES SIN FESTIVOS | C42: 20 | D42: =ROUND($D$9*$C$29/30*C42/13*12,0) -> 5466207 | E42: 0.08 | G42: =ROUND(D42*E42,0) -> 437297 | H42: =ROUND(D42+G42,0) -> 5903504 | I42: =ROUND(H42*10%*19%,0) -> 112167 | J42: =ROUND(H42+I42,0) -> 6015671 | K42: 24 | L42: =ROUND(K42*J42,0)*1 -> 144376104 | M42: =K42*12 -> 288 | N42: =ROUND((L42*12),0) -> 1732513248
K43: =SUM(K39:K42) -> 144 | L43: =ROUND(SUM(L39:L42),0) -> 1796111990 | M43: =SUM(M39:M42) -> 1728 | N43: =ROUND(SUM(N39:N42),0) -> 21553343880

Sheet Presupuesto 2028 (11 meses)
A1: FACTOR HUMANO - VIGENCIA 2028 (11 MES)
A3: SUBDIRECCIÓN REGIONAL DE APOYO DEL PACÍFICO | B3: PRESTAR LOS SERVICIOS DE VIGILANCIA Y SEGURIDAD PRIVADA, FIJA Y MÓVIL, MEDIANTE EL USO DE MEDIOS TECNOLÓGICOS Y PERSONAL UNIFORMADO, CON Y SIN ARMAS, CON EL FIN DE GARANTIZAR LA PROTECCIÓN, CUSTODIA, AMPARO Y SALVAGUARDA DE LAS PERSONAS QUE LABORAN E INGRESAN A LAS INSTALACIONES, AL IGUAL QUE DE LOS BIENES MUEBLES E INMUEBLES DE LA FISCALÍA GENERAL DE LA NACIÓN Y DEL FONDO ESPECIAL PARA LA ADMINISTRACIÓN DE BIENES (FEAB), EN LA REGIONAL PACIFICO, CONFORMADA POR: I) CAUCA, II) NARIÑO Y III) CALI – VALLE DEL CAUCA.
A4: VARIABLES ESTABLECIDAS POR LA SUPERINTENDENCIA DE VIGILANCIA Y SEGURIDAD PARA EL AÑO 2026 SEGÚN CIRCULAR EXTERNA Nº 202513000001105CS DEL 30 DE DICIEMBRE DE 2025
A5: SALARIO MINIMO 2028 Para la estimación del SMMLV 2028, se proyectó un aumento del IPC en 3,0% sobre la proyección del SMMLV 2027. Esto con fundamento a la Circular Interna de la FGN No. 30000-00023 DE 2026. Entonces para el 2028 se tiene una estimación del SMMLV de $1.882.783 COP | D5: =ROUND((1827945*(1+3%)),0) -> 1882783
A6: TARIFA MINIMA SECTOR PUBLICO | D6: 10.21
A7: VALOR TARIFA MINIMA SECTOR PUBLICO | D7: =ROUND(D5*D6,0) -> 19223214
A8: VALOR PRIMA SEGURO DE VIDA | D8: 1500
A9: VALOR TARIFA MÍNIMA MAS PRIMA SEGURO DE VIDA | D9: =D7+D8 -> 19224714
A11: MODALIDAD DE MEDIO, TARIFA, PORCENTAJE ADMINISTRACION Y SUPERVISION.
A12: MODALIDAD MEDIO | B12: TARIFA | C12: PORCENTAJE A Y S | D12: VALOR A Y S | E12: TARIFA + A Y S
A13: 24 HORAS 30 DIAS AL MES MEDIO HUMANO SIN ARMA | B13: =D9 -> 19224714 | C13: 0.08 | D13: =ROUND(B13*C13,2) -> 1537977.1 | E13: =ROUND(B13+D13,0) -> 20762691
A14: 24 HORAS 30 DIAS AL MES MEDIO HUMANO CON ARMA | B14: =D9 -> 19224714 | C14: 0.1 | D14: =ROUND(B14*C14,2) -> 1922471.4 | E14: =ROUND(B14+D14,0) -> 21147185
A17: DIAS A TENER EN CUENTA PARA EL COBRO DE LAS TARIFAS MINIMAS EN LA PRESTACION DE LOS SERVICIOS DE VIGILANCIA Y SEGURIDAD PRIVADA PARA 2026
A18: LUNES A VIERNES SIN FESTIVOS | D18: 20
A19: LUNES A VIERNES CON FESTIVOS | D19: 22
A20: LUNES A SABADO SIN FESTIVOS | D20: 24
A21: LUNES A SABADO CON FESTIVOS | D21: 26
A22: FESTIVOS | D22: 2
A23: SABADOS Y DOMINGOS | D23: 8
A24: SABADOS, DOMINGOS Y FESTIVOS | D24: 10
A27: VARIABLE DE PROPORCIONALIDAD SOBRE EL VALOR DEL SERVICIO ESTABLECIDO PARA UN SERVICIO DE VEINTICUATRO (24) HORAS Y TREINTA (30) DÍAS AL MES Y EN LOS TÉRMINOS DE LA JORNADA LABORAL VIGENTE.
A28: JORNADA LABORAL | C28: VARIABLE DE PROPORCIONALIDAD
A29: 6:00:00 a. m. a 7:00 p.m. (Turno de 13 horas Diurnas) | C29: 0.4759
A31: 7:00 a 6:00 a.m. (Turno de 11 horas Nocturnas) | C31: 0.5241
A33: Tomar el valor resultante de la aplicación de la variable de proporcionalidad anteriormente establecida, dividirlo por treinta (30) días y multiplicarlo por el número de días en que se prestará el servicio, luego dividirlo por la jornada laboral y el resultado multiplicarlo por las horas requeridas del servicio. Lo anterior, corresponde a la aplicación de la siguiente fórmula matemática: (SMLMV x TARIFA DE SERVICIOS) x VARIABLE PROPORCIONALIDAD) /30) x DÍAS QUE SE REQUIERE EL SERVICIO) /JORNADA LABORAL) x HORAS REQUERIDAS DEL SERVICIO.
A37: NECESIDAD FGN ( VALORES UNITARIOS MES): servicios (puestos) de viglancia que se requieren durante 11 meses del 2028 (1-ene al 30-nov) | K37: Subtotal Cifras para 1 mes de 2028 | M37: TOTAL CIFRAS PARA 11 MESES DE 2028
A38: MODALIDAD /MEDIO | B38: JORNADA LABORAL | C38: DIAS AL MES SEGÚN CIRCULAR DE SUPERVIGILANCIA | D38: VALOR MES | E38: % ADMINISTRACION Y SUPERVISION | G38: VALOR MES ADMINISTRACION Y SUPERVISION | H38: VALOR MES INCLUIDO ADMINISTRACION Y SUPERVISION | I38: IVA | J38: VALOR MES INCLUIDO AYS E IVA | K38: PUESTOS 1 MES | L38: VALOR 2028 1 MES | M38: CONSOLIDADO PUESTOS 2028 (11 Meses) | N38: VALOR 2028 (11 Meses)
A39: 24 HRS CON ARMA | B39: DOMINGO A DOMINGO | C39: 30 | D39: =+B13 -> 19224714 | E39: 0.1 | G39: =ROUND(D39*E39,0) -> 1922471 | H39: =ROUND(D39+G39,0) -> 21147185 | I39: =ROUND(H39*10%*19%,0) -> 401797 | J39: =ROUND(H39+I39,0) -> 21548982 | K39: 60 | L39: =ROUND(K39*J39,0)*1 -> 1292938920 | M39: =K39*11 -> 660 | N39: =ROUND((L39*11),0) -> 14222328120
A40: 24 HRS SIN ARMA | B40: DOMINGO A DOMINGO | C40: 30 | D40: =+B13 -> 19224714 | E40: 0.08 | G40: =ROUND(D40*E40,0) -> 1537977 | H40: =ROUND(D40+G40,0) -> 20762691 | I40: =ROUND(H40*10%*19%,0) -> 394491 | J40: =ROUND(H40+I40,0) -> 21157182 | K40: 2 | L40: =ROUND(K40*J40,0)*1 -> 42314364 | M40: =K40*11 -> 22 | N40: =ROUND((L40*11),0) -> 465458004
A41: 12 HRS DIURNO CON ARMA | B41: LUNES A VIERNES SIN FESTIVOS | C41: 20 | D41: =ROUND($D$9*$C$29/30*C41/13*12,0) -> 5630179 | E41: 0.1 | G41: =ROUND(D41*E41,0) -> 563018 | H41: =ROUND(D41+G41,0) -> 6193197 | I41: =ROUND(H41*10%*19%,0) -> 117671 | J41: =ROUND(H41+I41,0) -> 6310868 | K41: 58 | L41: =ROUND(K41*J41,0)*1 -> 366030344 | M41: =K41*11 -> 638 | N41: =ROUND((L41*11),0) -> 4026333784
A42: 12 HRS DIURNO SIN ARMA | B42: LUNES A VIERNES SIN FESTIVOS | C42: 20 | D42: =ROUND($D$9*$C$29/30*C42/13*12,0) -> 5630179 | E42: 0.08 | G42: =ROUND(D42*E42,0) -> 450414 | H42: =ROUND(D42+G42,0) -> 6080593 | I42: =ROUND(H42*10%*19%,0) -> 115531 | J42: =ROUND(H42+I42,0) -> 6196124 | K42: 24 | L42: =ROUND(K42*J42,0)*1 -> 148706976 | M42: =K42*11 -> 264 | N42: =ROUND((L42*11),0) -> 1635776736
K43: =SUM(K39:K42) -> 144 | L43: =ROUND(SUM(L39:L42),0) -> 1849990604 | M43: =SUM(M39:M42) -> 1584 | N43: =ROUND(SUM(N39:N42),0) -> 20349896644

Sheet Presupuesto 3 Vigencias
A1: CONSOLIDADO FACTOR HUMANO (2026-2027-2028)
A2: SUBDIRECCIÓN REGIONAL DE APOYO DEL PACÍFICO | B2: PRESTAR LOS SERVICIOS DE VIGILANCIA Y SEGURIDAD PRIVADA, FIJA Y MÓVIL, MEDIANTE EL USO DE MEDIOS TECNOLÓGICOS Y PERSONAL UNIFORMADO, CON Y SIN ARMAS, CON EL FIN DE GARANTIZAR LA PROTECCIÓN, CUSTODIA, AMPARO Y SALVAGUARDA DE LAS PERSONAS QUE LABORAN E INGRESAN A LAS INSTALACIONES, AL IGUAL QUE DE LOS BIENES MUEBLES E INMUEBLES DE LA FISCALÍA GENERAL DE LA NACIÓN Y DEL FONDO ESPECIAL PARA LA ADMINISTRACIÓN DE BIENES (FEAB), EN LA REGIONAL PACIFICO, CONFORMADA POR: I) CAUCA, II) NARIÑO Y III) CALI – VALLE DEL CAUCA.
A4: FGN (1-dic-2026 al 30-nov-2028) | B4: DESCRIPCIÓN DEL SERVICIO | C4: VALOR TOTAL 2026 (1 MES) | D4: VALOR TOTAL 2027 (12 MESES) | E4: VALOR TOTAL 2028 (11 MESES) | F4: VALOR TOTAL PRESUPUESTO 2026 - 2028
B6: FACTOR HUMANO – F.G.N. | C6: ='Presupuesto 2026 (1-31 dic)'!L43 -> 1720419682 | D6: ='Presupuesto 2027 (12 meses)'!N43 -> 21553343880 | E6: ='Presupuesto 2028 (11 meses)'!N43 -> 20349896644 | F6: =+C6+D6+E6 -> 43623660206
B7: TOTAL FGN | C7: =SUM(C6:C6) -> 1720419682 | D7: =SUM(D6:D6) -> 21553343880 | E7: =SUM(E6:E6) -> 20349896644 | F7: =+C7+D7+E7 -> 43623660206
A8: FEAB (1 al 31 de diciembre de 2028) | B8: DESCRIPCIÓN DEL SERVICIO | C8: VALOR TOTAL 2026 (1 MES) | D8: VALOR TOTAL 2027 (12 MESES) | E8: VALOR TOTAL 2028 (11 MESES) | F8: VALOR TOTAL PRESUPUESTO 2026 - 2028
B10: FACTOR HUMANO – F.E.A.B. | C10: ='Presupuesto 2026 (1-31 dic)'!L48 -> 160317752 | D10: 0 | E10: 0 | F10: =+C10+D10+E10 -> 160317752
B11: TOTAL FEAB | C11: =C10 -> 160317752 | D11: =D10 -> 0 | E11: =E10 -> 0 | F11: =F10 -> 160317752
A12: VALOR TOTAL PRESUPUESTO FACTOR HUMANO VIGENCIAS 2026 - 2027 - 2028 | F12: =+F11+F7 -> 43783977958
